 Seeded DCSS version 0.28.0-53-g5a82cb258f (webtiles) character file.

Game seed: 123456789 (custom seed)

39 Kazon the Shield-Bearer (level 3, -2/23 HPs)
             Began as a Gargoyle Fighter on July 21, 2022.
             Slain by a worm (9 damage)
             ... on level 2 of the Dungeon.
             The game lasted 00:03:10 (1179 turns).

Kazon the Shield-Bearer (Gargoyle Fighter)          Turns: 1179, Time: 00:03:10

Health: -2/23      AC:  7    Str: 19    XL:     3   Next: 47%
Magic:  3/3        EV: 11    Int: 15    God:
Gold:   33         SH:  4    Dex: 11    Spells: 2/2 levels left

rFire   . . .      SeeInvis .   a - +0 flail
rCold   . . .      Faith    .   c - +0 buckler
rNeg    + . .      Spirit   .   j - +2 robe of the Fletcher {Int+7}
rPois   ∞          Reflect  .   (no helmet)
rElec   +          Harm     .   (no cloak)
rCorr   .          Rampage  .   (no gloves)
Will    .....                   (no boots)
Stlth   +.........              (no amulet)
HPRegen 0.07/turn               (no ring)
MPRegen 0.08/turn               (no ring)

@: no status effects
A: sickness immunity, AC +3, negative energy resistance 1, electricity
resistance, torment resistance 1, petrification resistance
a: no special abilities


You were on level 2 of the Dungeon.
You visited 1 branch of the dungeon, and saw 2 of its levels.

You collected 33 gold pieces.

Inventory:

Hand Weapons
 a - a +0 flail (weapon)
Missiles
 g - 3 stones (quivered)
 h - 18 bolts
Armour
 b - a +0 scale mail
 c - a +0 buckler (worn)
 j - the +2 robe of the Fletcher (worn) {Int+7}
   (You found it on level 2 of the Dungeon)

   Int:       It affects your intelligence (+7).
Scrolls
 f - a scroll of magic mapping {unknown}
 i - a scroll of identify {unknown}
Potions
 d - a potion of might
 e - a potion of haste {unknown}


   Skills:
 + Level 3.6 Fighting
 + Level 2.6 Maces & Flails
 + Level 3.5 Armour
 + Level 0.4 Dodging
 + Level 3.8 Shields


You had 2 spell levels left.
You didn't know any spells.
Your spell library contained the following spells:

 Spells                   Type           Power      Damage    Failure   Level
 Animate Skeleton         Necr           0%         N/A       34%         1
 Pain                     Necr           0%         1d4       34%         1
 Tukima's Dance           Hex            0%         N/A       71%         3
 Vampiric Draining        Necr           0%         2d6       71%         3
 Anguish                  Hex/Necr       0%         N/A       98%         4
 Enfeeble                 Hex            0%         N/A       100%        7


Dungeon Overview and Level Annotations

Branches:
Dungeon (2/15)

Altars:


Innate Abilities, Weirdness & Mutations

You are immune to sickness and miasma.
Your stone body is resilient. (AC +3)
You are immune to poison.
You resist negative energy. (rN+)
You are resistant to electric shocks. (rElec)
You are resistant to unholy torment.
You are immune to petrification.


Message History

The worm is lightly wounded.
You barely miss the worm.
The worm is lightly wounded.
The endoplasm hits you. The worm bites you. The endoplasm closely misses you.
Found a ring mail.
You hit the endoplasm.
The endoplasm is severely wounded.
The endoplasm freezes you.
You are frozen.
You sock the endoplasm!
You kill the endoplasm!
You thump the worm!
The worm is severely wounded.
The worm barely misses you.
You sock the worm!
You kill the worm!
A ball python comes into view.
The ball python hisses angrily.
You hit the ball python.
You kill the ball python!
HP restored.
A dart slug and a worm come into view.
The dart slug launches a dart at you. The slug dart misses you.
The dart slug launches a dart at you. The slug dart hits you.
You hit the dart slug.
The dart slug is heavily wounded.
You block the dart slug's attack.
You sock the dart slug!
You kill the dart slug!
You barely miss the worm. You barely miss the worm. The worm bites you!
You sock the worm!
The worm is heavily wounded.
The worm bites you!
You hit the worm.
The worm is heavily wounded.
The worm bites you!
You die...

#.###......##.
#.##.#######
#....# ####.#
#.# #.# ### #.#
.... #.# .....
#@#
......##w######
...w............
......##........
..... #........
...w #.?......
... ######### ..
.


You could see a worm.

Vanquished Creatures
  A worm (D:2)
  2 dart slugs
  3 bats (D:1)
  4 endoplasms
  2 giant cockroaches (D:1)
  A goblin (D:1)
  2 hobgoblins (D:1)
  2 jackals (D:1)
  2 quokkas (D:1)
  2 ball pythons
  2 frilled lizards (D:1)
  3 kobolds
  3 rats (D:1)
29 creatures vanquished.

Notes
Turn   | Place    | Note
-------+----------+-------------------------------------------
     0 | D:1      | Kazon the Gargoyle Fighter began the quest for the Orb.
     0 | D:1      | Reached XP level 1. HP: 14/14 MP: 1/1
   161 | D:1      | Reached XP level 2. HP: 19/19 MP: 2/2
   438 | D:1      | Found a faded altar of an unknown god.
   625 | D:1      | Reached XP level 3. HP: 23/23 MP: 3/3
   920 | D:2      | Identified the +2 robe of the Fletcher {Int+7}
  1179 | D:2      | Slain by a worm

Illustrated notes

Levels and vault maps discovered:
D:1:      co_arrival_random_square_maze, layout_loops_cross,
          ebering_ecumenical_altar_petrified
D:2:      layout_basic, uniq_sigmund, uniq_crazy_yiuf_cottage, uniq_robin

Action                   || total
-------------------------++-------
Melee: Flail             ||    86
Armor: Scale mail        ||    36
Dodge: Dodged            ||    35
Block: Buckler           ||    26
